[Event "Titled Tuesday Blitz April 11 Early 2023"]
[White "Jarocka, Liwia"]
[Black "Zampronha, Wladimir Camilo"]
[WhiteFideId "21807558"]
[BlackFideId "2103087"]
[WhiteElo "2013"]
[BlackElo "2176"]
[Result "1-0"]
[Round "05"]
[TimeControl "180+2"]
[Date "2023.04.11"]
[WhiteClock "0:00:50"]
[BlackClock "0:00:17"]

1. c4 Nf6 2. Nc3 e6 3. g3 d5 4. Bg2 d4 5. Nb1 c5 6. d3 Nc6 7. Nf3 Be7 8. O-O O-O 9. e3 e5 10. exd4 exd4 11. Re1 Bf5 12. Na3 Bd6 13. Nc2 Qd7 14. a3 a5 15. Bg5 Rfe8 16. Rb1 Bg4 17. Qd2 Qf5 18. Rxe8+ Rxe8 19. Nce1 h6 20. Bxf6 Qxf6 21. h3 Bf5 22. Rd1 Qe6 23. Qc2 Bxh3 24. Bxh3 Qxh3 25. Ng2 Qf5 26. Nfh4 Qd7 27. Rd2 Be7 28. Nf3 Bf6 29. Nf4 Bg5 30. Nxg5 hxg5 31. Nd5 Qg4 32. Kg2 Ne5 33. Qd1 Qxd1 34. Rxd1 Ng4 35. Rd2 Re1 36. b4 Ra1 37. bxc5 Rxa3 38. Rb2 Rxd3 39. Rxb7 Rd2 40. c6 Rc2 41. c7 Rxc4 42. Rb8+ Kh7 43. c8=Q 1-0


[Site "https://www.chess.com"]

[Event "Titled Tuesday Blitz April 11 Early 2023"]
[White "Chincholimath, Halsagar"]
[Black "Garrido, Denis"]
[WhiteFideId "5022487"]
[BlackFideId "601217"]
[WhiteElo "1737"]
[BlackElo "2326"]
[Result "0-1"]
[Round "05"]
[TimeControl "180+2"]
[Date "2023.04.11"]
[WhiteClock "0:00:38"]
[BlackClock "0:01:31"]

1. e4 c5 2. Nc3 a6 3. a4 Nc6 4. Bc4 g6 5. f4 Bg7 6. d3 e6 7. Nf3 Nge7 8. O-O O-O 9. Qe1 d5 10. Bb3 Nd4 11. Nxd4 cxd4 12. Ne2 dxe4 13. dxe4 Bd7 14. Qh4 Nc6 15. Qg3 Kh8 16. f5 exf5 17. exf5 Bxf5 18. Rxf5 gxf5 19. Bg5 Bf6 20. Bh6 Rg8 21. Qf3 Rg6 22. Bd2 Qg8 23. Nf4 Rg4 24. Nh5 Ne5 25. Qxb7 Rb8 26. Nxf6 Rxb7 27. Nxg8 Nf3+ 28. Kf2 Nxd2 29. Nf6 Nxb3 30. Nxg4 Nxa1 0-1


[Site "https://www.chess.com"]

[Event "Titled Tuesday Blitz April 11 Early 2023"]
[White "Zou, Brendan"]
[Black "Mirzoev, Azer"]
[WhiteFideId "3221296"]
[BlackFideId "13400304"]
[WhiteElo "1852"]
[BlackElo "2525"]
[Result "0-1"]
[Round "05"]
[TimeControl "180+2"]
[Date "2023.04.11"]
[WhiteClock "0:00:01"]
[BlackClock "0:01:37"]

1. d4 c6 2. Nc3 d5 3. Bf4 Qb6 4. Rb1 Bf5 5. f3 e6 6. g4 Bg6 7. h4 h5 8. g5 Nd7 9. e3 Ne7 10. Bd3 Nf5 11. Kf2 Be7 12. Nge2 c5 13. dxc5 Bxc5 14. Qd2 O-O 15. Na4 Qb4 16. Qxb4 Bxb4 17. a3 Be7 18. Nd4 Nxd4 19. exd4 Bxd3 20. cxd3 Rac8 21. Rhc1 f6 22. Rxc8 Rxc8 23. Rc1 Rxc1 24. Bxc1 Kf7 25. f4 Nb8 26. Nc3 Nc6 27. Be3 Bd8 28. Nb5 Ke7 29. Nc3 Bb6 30. Ne2 Kf7 31. Kf3 Ne7 32. Ng3 Kg6 33. Bf2 a6 34. Ke3 Ba7 35. Ne2 Nf5+ 36. Kd2 b5 37. Kc3 Bb6 38. b4 Bc7 39. Kd2 Ne7 40. Kc3 Kf5 41. Ng3+ Kg4 42. Ne2 Nf5 43. Kd2 Bxf4+ 44. Kc2 Bc7 45. Be1 fxg5 46. hxg5 Kxg5 47. Ng1 Kg4 48. Kd2 g5 49. Ke2 Nxd4+ 50. Ke3 Nf5+ 51. Kd2 h4 52. Ne2 h3 53. Nd4 Nxd4 0-1


[Site "https://www.chess.com"]

[Event "Titled Tuesday Blitz April 11 Early 2023"]
[White "Zemach, Roee"]
[Black "Larina, Maria"]
[WhiteFideId "2818531"]
[BlackFideId "24113182"]
[WhiteElo "2217"]
[BlackElo "1848"]
[Result "1-0"]
[Round "05"]
[TimeControl "180+2"]
[Date "2023.04.11"]
[WhiteClock "0:01:01"]
[BlackClock "0:00:21"]

1. d4 f5 2. Nc3 Nf6 3. Bg5 d5 4. Bxf6 exf6 5. e3 Be6 6. Bd3 Nc6 7. Qf3 Qd7 8. h4 h5 9. a3 Bd6 10. Nh3 g6 11. Ne2 Bf7 12. Nhf4 Ne7 13. b3 O-O-O 14. c4 dxc4 15. Bxc4 Nc6 16. g3 Na5 17. Bxf7 Qxf7 18. d5 Be5 19. Rd1 Nxb3 20. e4 fxe4 21. Qxb3 g5 22. Ne6 Rd6 23. hxg5 fxg5 24. Nxg5 Qg6 25. Qe3 Rg8 26. Nxe4 Bg7 27. Nxd6+ Qxd6 28. Qe6+ Qxe6 29. dxe6 Be5 30. Rxh5 1-0


[Site "https://www.chess.com"]

[Event "Titled Tuesday Blitz April 11 Early 2023"]
[White "Einarsson, Halldor Gretar"]
[Black "Ratnakaran, K."]
[WhiteFideId "2300150"]
[BlackFideId "5005507"]
[WhiteElo "2142"]
[BlackElo "2345"]
[Result "0-1"]
[Round "05"]
[TimeControl "180+2"]
[Date "2023.04.11"]
[WhiteClock "0:00:01"]
[BlackClock "0:01:40"]

1. d4 Nf6 2. c4 c5 3. d5 e6 4. Nc3 exd5 5. cxd5 d6 6. e4 g6 7. h3 Bg7 8. Nf3 O-O 9. Bd3 Re8 10. O-O a6 11. a4 Nbd7 12. Re1 Qc7 13. Bf4 Nh5 14. Bh2 Rb8 15. g4 Nhf6 16. Bf1 c4 17. Rc1 b5 18. axb5 axb5 19. b4 cxb3 20. Nxb5 Qb6 21. Nxd6 b2 22. Rb1 Ba6 23. Nxe8 Rxe8 24. Bxa6 Qxa6 25. Rxb2 Nxe4 26. Rbe2 f5 27. gxf5 gxf5 28. Nd4 Rf8 29. Nxf5 Nc3 30. Ne7+ Kh8 31. Qc2 Nxe2+ 32. Qxe2 Qh6 33. Qe6 Nf6 34. Nf5 Qg5+ 35. Kh1 Nh5 36. Nxg7 Nxg7 37. Be5 h6 38. Rg1 Kh7 39. Rxg5 Nxe6 40. Rh5 Ng5 41. f4 Nf3 42. Kg2 Ne1+ 43. Kf2 Nd3+ 44. Ke3 Nc5 45. Kd4 Nd7 46. Rh4 Kg6 47. Rg4+ Kf5 48. Rg1 Ra8 49. Rg7 Ra4+ 50. Ke3 Nc5 51. d6 Ra3+ 52. Kd4 Ne6+ 53. Kd5 Nxg7 54. Bxg7 Rd3+ 0-1


[Site "https://www.chess.com"]

[Event "Titled Tuesday Blitz April 11 Early 2023"]
[White "rionelG"]
[Black "Krsnik Cohar, Ivan Vihor"]
[BlackFideId "14520044"]
[WhiteElo "2167"]
[BlackElo "2414"]
[Result "0-1"]
[Round "05"]
[TimeControl "180+2"]
[Date "2023.04.11"]
[WhiteClock "0:00:08"]
[BlackClock "0:00:54"]

1. e4 c5 2. g3 d5 3. exd5 Qxd5 4. Nf3 Nc6 5. Bg2 Qe6+ 6. Qe2 Qxe2+ 7. Kxe2 Bg4 8. c3 e5 9. d3 O-O-O 10. Nd2 Nf6 11. Nc4 b5 12. Ne3 Bh5 13. a4 c4 14. axb5 cxd3+ 15. Ke1 e4 16. bxc6 Bxf3 17. Bxf3 exf3 18. Rxa7 Bc5 19. Rxf7 Ne4 20. Bd2 Rhf8 21. Rxf8 Rxf8 22. Nd1 Kc7 23. Be3 Bxe3 24. fxe3 Kxc6 25. Nf2 d2+ 0-1


[Site "https://www.chess.com"]

[Event "Titled Tuesday Blitz April 11 Early 2023"]
[White "Dahlgren, James Allen"]
[Black "Womacka, Mathias"]
[WhiteFideId "22256873"]
[BlackFideId "4611390"]
[WhiteElo "2165"]
[BlackElo "2377"]
[Result "0-1"]
[Round "05"]
[TimeControl "180+2"]
[Date "2023.04.11"]
[WhiteClock "0:00:44"]
[BlackClock "0:01:47"]

1. d3 e5 2. f4 Nc6 3. Nf3 exf4 4. Bxf4 d5 5. Nc3 d4 6. e4 dxc3 7. bxc3 Nf6 8. Be2 Be7 9. O-O O-O 10. Qd2 Bg4 11. Rab1 b6 12. h3 Bh5 13. e5 Nd5 14. Bh2 Bxf3 15. Bxf3 Bg5 16. Qe2 Nxc3 17. Qf2 Qd7 18. Rbe1 Rad8 19. Qg3 Bd2 20. Ra1 Nd4 21. Bg4 Nde2+ 22. Bxe2 Nxe2+ 0-1


[Site "https://www.chess.com"]

[Event "Titled Tuesday Blitz April 11 Early 2023"]
[White "Palencia Morales, Wilson Guillermo"]
[Black "dDobravcan"]
[WhiteFideId "4401859"]
[WhiteElo "2139"]
[BlackElo "2142"]
[Result "1-0"]
[Round "05"]
[TimeControl "180+2"]
[Date "2023.04.11"]
[WhiteClock "0:01:57"]
[BlackClock "0:00:13"]

1. e4 d6 2. d4 Nf6 3. Nc3 c6 4. Bg5 Qb6 5. Bxf6 exf6 6. Rb1 f5 7. exf5 Bxf5 8. Nf3 Be7 9. Bd3 Bxd3 10. Qxd3 O-O 11. O-O Bf6 12. Ne4 Nd7 13. Nxd6 c5 14. Nc4 Qa6 15. d5 b5 16. Ne3 c4 17. Qf5 Rfd8 18. Ng4 Be7 19. Nfe5 Nxe5 20. Nxe5 f6 21. Nc6 Bd6 22. Qe6+ Kh8 23. Nxd8 Rxd8 24. Rfe1 h6 25. a3 Qb6 26. c3 Qc5 27. Rbd1 a5 28. Qf5 b4 29. axb4 axb4 30. Re6 Be5 31. g3 bxc3 32. bxc3 Bxc3 33. Qg6 Be5 34. d6 c3 35. d7 Qf8 36. Re8 c2 37. Rxf8+ Rxf8 38. Qxc2 1-0


[Site "https://www.chess.com"]

[Event "Titled Tuesday Blitz April 11 Early 2023"]
[White "Kaplan, Avi Harrison"]
[Black "Vargas Rodriguez, Wilver"]
[WhiteFideId "30934559"]
[BlackFideId "3509672"]
[WhiteElo "1983"]
[BlackElo "2224"]
[Result "0-1"]
[Round "05"]
[TimeControl "180+2"]
[Date "2023.04.11"]
[WhiteClock "0:00:08"]
[BlackClock "0:00:08"]

1. c3 c5 2. Na3 Nc6 3. e4 g6 4. Nc4 Bg7 5. f4 d6 6. Nf3 e6 7. Be2 Nge7 8. O-O O-O 9. d3 b5 10. Ne3 Qb6 11. h4 h5 12. f5 exf5 13. Ng5 Ne5 14. Bxh5 Ng4 15. Bxg4 fxg4 16. Nxg4 f5 17. exf5 Bxf5 18. Ne3 c4 19. d4 Bd3 20. Rxf8+ Rxf8 21. h5 d5 22. Bd2 Qf6 23. Ng4 Qd6 24. Qe1 Rf1+ 25. Qxf1 Bxf1 26. Rxf1 gxh5 27. Nh2 Qg6 28. Nhf3 Nf5 29. Ne5 Bxe5 30. dxe5 Ng3 31. Re1 Ne4 32. Nxe4 dxe4 33. Be3 h4 34. Bd4 h3 35. Re2 Kf7 36. Kh2 Ke6 37. gxh3 Qf5 38. Rg2 Qf4+ 39. Rg3 Qd2+ 40. Rg2 Qf4+ 41. Kg1 e3 42. Re2 Qg3+ 43. Kf1 Qxh3+ 44. Rg2 e2+ 45. Kf2 e1=Q+ 46. Kxe1 Qxg2 47. b4 Qxa2 48. Kd1 a5 49. Kc1 a4 50. Kd1 a3 51. Be3 Qb1+ 52. Bc1 a2 53. Ke2 a1=Q 54. Kf3 Qxc1 55. Ke4 Qcxc3 56. Kf4 Qac1+ 57. Kg4 Qxe5 58. Kh3 c3 59. Kg2 c2 60. Kf3 Qcb2 61. Kg4 c1=Q 62. Kh3 Qxb4 63. Kg2 Qbd6 64. Kf3 Qcc7 65. Kg4 b4 66. Kh3 b3 67. Kg4 b2 68. Kh3 b1=Q 69. Kg2 Qbe4+ 70. Kg1 Qd2 71. Kf1 Qcc1# 0-1


[Site "https://www.chess.com"]

[Event "Titled Tuesday Blitz April 11 Early 2023"]
[White "Rodchenkov, Sergey D."]
[Black "Munro, Allan"]
[WhiteFideId "4168712"]
[BlackFideId "7700245"]
[WhiteElo "2277"]
[BlackElo "2084"]
[Result "1-0"]
[Round "05"]
[TimeControl "180+2"]
[Date "2023.04.11"]
[WhiteClock "0:00:30"]
[BlackClock "0:00:03"]

1. e4 e5 2. Nf3 Nc6 3. Bc4 Nf6 4. d3 Bc5 5. O-O d6 6. c3 a6 7. Bb3 Ba7 8. Nbd2 O-O 9. h3 d5 10. exd5 Nxd5 11. Ne4 f6 12. Qe2 Kh8 13. Be3 Nxe3 14. fxe3 Qe7 15. Kh1 Be6 16. Bc2 Qd7 17. d4 exd4 18. exd4 Rae8 19. Qf2 Bf5 20. Ng3 Bxc2 21. Qxc2 Ne7 22. Rae1 c6 23. Nh4 Bb8 24. Ngf5 Nxf5 25. Nxf5 Qc7 26. g4 g6 27. Nh4 Rxe1 28. Rxe1 Qg3 29. Nxg6+ hxg6 30. Re7 Qxh3+ 31. Kg1 Qxg4+ 32. Kh1 Qf3+ 33. Kg1 Bg3 34. Qd2 Bf4 35. Qc2 Be3+ 36. Kh2 Qf4+ 37. Kg2 Qg5+ 38. Kh1 Kg8 39. Qb3+ Rf7 40. Qxf7+ 1-0


[Site "https://www.chess.com"]

[Event "Titled Tuesday Blitz April 11 Early 2023"]
[White "Mordechai, Hanan"]
[Black "Tarnowska, Aleksandra"]
[WhiteFideId "2804166"]
[BlackFideId "1180967"]
[WhiteElo "2324"]
[BlackElo "1776"]
[Result "1-0"]
[Round "05"]
[TimeControl "180+2"]
[Date "2023.04.11"]
[WhiteClock "0:00:58"]
[BlackClock "0:00:02"]

1. Nf3 Nf6 2. c4 d5 3. g3 c5 4. Bg2 Nc6 5. cxd5 Nxd5 6. O-O e5 7. e3 Bg4 8. h3 Bh5 9. Qb3 Nb6 10. d4 c4 11. Qc2 exd4 12. exd4 Be7 13. Be3 Bg6 14. Qd2 O-O 15. Nc3 Nb4 16. Ne5 Rb8 17. Nxg6 hxg6 18. Rac1 Qd7 19. a3 Nc6 20. d5 Na5 21. Rcd1 Nb3 22. Qe2 Rfc8 23. Kh2 Bc5 24. Bf4 Bd6 25. Be3 Ra8 26. h4 Na4 27. Bh3 Nxc3 28. bxc3 Qa4 29. Bxc8 Rxc8 30. h5 gxh5 31. Qxh5 Bxa3 32. Kg2 Rd8 33. Rh1 Kf8 34. Qh8+ Ke7 35. Bg5+ f6 36. Qxg7+ Kd6 37. Qxf6+ Kc5 38. Be3+ Kb5 39. Qxd8 Qa6 40. Qd7+ Ka5 41. d6 b6 42. Rh5+ Nc5 43. Qc6 Qb7 44. Qxb7 Bb2 45. Rxc5+ bxc5 46. Bxc5 Bxc3 47. d7 a6 48. Ra1+ Bxa1 49. Qb4# 1-0


[Site "https://www.chess.com"]

[Event "Titled Tuesday Blitz April 11 Early 2023"]
[White "Akylbek2021"]
[Black "Jaivardhan Raj"]
[BlackFideId "25744437"]
[WhiteElo "2276"]
[BlackElo "1772"]
[Result "1-0"]
[Round "05"]
[TimeControl "180+2"]
[Date "2023.04.11"]
[WhiteClock "0:00:08"]
[BlackClock "0:00:11"]

1. e4 c5 2. Nf3 e6 3. c3 Nc6 4. d4 cxd4 5. cxd4 d5 6. e5 Bb4+ 7. Bd2 Qb6 8. a3 Bxd2+ 9. Qxd2 Nge7 10. Nc3 Nf5 11. Na4 Qa5 12. Qxa5 Nxa5 13. b4 Nc6 14. Bb5 Bd7 15. Nc5 a6 16. Bxc6 Bxc6 17. g4 Ne7 18. Kd2 O-O 19. Rac1 Rac8 20. Rc3 b6 21. Nd3 Bb5 22. Rhc1 Rc4 23. Nb2 Rxc3 24. Rxc3 Rc8 25. Rxc8+ Nxc8 26. a4 Bc6 27. Kc3 b5 28. a5 Ne7 29. Nd3 Bb7 30. Nc5 Bc8 31. h3 Ng6 32. Nd3 Ne7 33. Nd2 Nc6 34. f4 Kf8 35. Nf1 Ke7 36. Ne3 Nd8 37. f5 g6 38. f6+ Kd7 39. h4 Ke8 40. Ne1 Kd7 41. Nf3 Ke8 42. Ng5 h6 43. Nf3 Kd7 44. Ng2 Ke8 45. Nf4 Kf8 46. Ne1 Kg8 47. Ned3 Kh7 48. Nc5 Kg8 49. Kd3 Kh8 50. Ke3 Kh7 51. Nfd3 Kg8 52. Nb3 Kf8 53. Kf4 Kg8 54. Nd2 Kh7 55. Nf3 Kg8 56. h5 g5+ 57. Nxg5 hxg5+ 58. Kxg5 Nc6 59. Kh6 Nxd4 60. Nc5 Nf3 61. g5 Nxe5 62. g6 fxg6 63. hxg6 Ng4+ 64. Kg5 Ne5 65. Kh6 Ng4+ 66. Kg5 Ne5 67. g7 Nf7+ 68. Kg6 Ne5+ 69. Kh6 Nf7+ 70. Kg6 Nd6 71. Nd3 Nc4 72. f7# 1-0


[Site "https://www.chess.com"]

[Event "Titled Tuesday Blitz April 11 Early 2023"]
[White "Jiganchine, Roman"]
[Black "Winkels, Marcel"]
[WhiteFideId "2603667"]
[BlackFideId "1003887"]
[WhiteElo "2269"]
[BlackElo "1900"]
[Result "0-1"]
[Round "05"]
[TimeControl "180+2"]
[Date "2023.04.11"]
[WhiteClock "0:00:06"]
[BlackClock "0:00:22"]

1. e4 c5 2. Nf3 e6 3. g3 Nc6 4. Bg2 g6 5. O-O Bg7 6. c3 Nge7 7. d4 cxd4 8. cxd4 d5 9. exd5 Nxd5 10. Nc3 O-O 11. Nxd5 exd5 12. h3 Qb6 13. Be3 Qxb2 14. Qa4 Qb4 15. Qxb4 Nxb4 16. Rfc1 Bf5 17. Rc7 b6 18. Nh4 Be4 19. f3 Bd3 20. Rd1 Bb5 21. a3 Na6 22. Rc3 Rac8 23. Rdc1 Rxc3 24. Rxc3 Bc4 25. f4 Nc7 26. a4 Ne6 27. f5 Nxd4 28. Ra3 Ne2+ 29. Kf2 d4 30. Bd2 d3 31. a5 Bd4+ 32. Kf3 Bd5+ 33. Kg4 h5+ 34. Kg5 Nxg3 35. Bxd5 Kg7 36. f6+ Bxf6+ 37. Kf4 Bxh4 38. Rxd3 f6 39. Rxg3 Bxg3+ 40. Kxg3 Rd8 41. axb6 axb6 42. Be3 Rxd5 43. Bxb6 Rb5 44. Be3 Rb3 45. Kf2 g5 46. Bd4 Kg6 47. Kg2 f5 48. Kf2 f4 49. Be5 Kf5 50. Bd6 Rd3 51. Bc7 Rd2+ 52. Ke1 Rd3 53. h4 g4 54. Ke2 Rc3 55. Ba5 Ra3 56. Bb4 Ra2+ 57. Kd3 g3 0-1


[Site "https://www.chess.com"]

[Event "Titled Tuesday Blitz April 11 Early 2023"]
[White "Hartikainen, Jarmo"]
[Black "Clawitter, Craig"]
[WhiteFideId "503134"]
[BlackFideId "2023105"]
[WhiteElo "2058"]
[BlackElo "2263"]
[Result "0-1"]
[Round "05"]
[TimeControl "180+2"]
[Date "2023.04.11"]
[WhiteClock "0:00:09"]
[BlackClock "0:00:09"]

1. e4 e5 2. Nf3 Nc6 3. Bc4 Nf6 4. Ng5 d5 5. exd5 Na5 6. Bb5+ c6 7. dxc6 bxc6 8. Bd3 Nd5 9. Nf3 Bd6 10. O-O O-O 11. Be4 f5 12. Bxd5+ cxd5 13. d4 e4 14. Ne5 f4 15. Nc3 Be6 16. f3 e3 17. Ne2 Qg5 18. Kh1 Bxe5 19. dxe5 Qxe5 20. Qd4 Qg5 21. b3 Nc6 22. Qc5 Ne5 23. Bb2 Rac8 24. Qd4 Nf7 25. Ng1 Rxc2 26. Rac1 Qxg2# 0-1


[Site "https://www.chess.com"]

[Event "Titled Tuesday Blitz April 11 Early 2023"]
[White "Sanchez, Robert"]
[Black "Zaichenko, Daria"]
[WhiteFideId "2034360"]
[BlackFideId "4197453"]
[WhiteElo "2000"]
[BlackElo "2039"]
[Result "0-1"]
[Round "05"]
[TimeControl "180+2"]
[Date "2023.04.11"]
[WhiteClock "0:00:54"]
[BlackClock "0:01:30"]

1. e4 c5 2. d4 cxd4 3. c3 d5 4. exd5 Qxd5 5. cxd4 Nc6 6. Nf3 Bg4 7. Nc3 Qd7 8. d5 Bxf3 9. Qxf3 Nd4 10. Qe4 e5 11. Qxe5+ Qe7 12. Qxe7+ Nxe7 13. Bd3 O-O-O 14. Be3 Ndf5 15. Bxa7 g6 16. Rc1 Bh6 17. Rc2 Kd7 18. O-O Kd6 19. Re1 Nxd5 0-1


[Site "https://www.chess.com"]

[Event "Titled Tuesday Blitz April 11 Early 2023"]
[White "NtcPou"]
[Black "Yang,ching Wei, Austin"]
[BlackFideId "16300440"]
[WhiteElo "1970"]
[BlackElo "2101"]
[Result "0-1"]
[Round "05"]
[TimeControl "180+2"]
[Date "2023.04.11"]
[WhiteClock "0:01:29"]
[BlackClock "0:02:00"]

1. e4 c5 2. Nf3 d6 3. Bb5+ Bd7 4. Bxd7+ Qxd7 5. c4 Nc6 6. Nc3 g6 7. d4 cxd4 8. Nxd4 Bg7 9. Be3 Nf6 10. f3 O-O 11. O-O Rfc8 12. b3 Qd8 13. Qd2 Qa5 14. Rac1 a6 15. a4 Nd7 16. Nxc6 bxc6 17. Rfd1 Rab8 18. Qc2 Nc5 19. Rb1 Qxc3 0-1


[Site "https://www.chess.com"]

[Event "Titled Tuesday Blitz April 11 Early 2023"]
[White "Lohani, Sujana"]
[Black "Warchol, Kamil"]
[WhiteFideId "12311987"]
[BlackFideId "21858241"]
[WhiteElo "1718"]
[BlackElo "2017"]
[Result "0-1"]
[Round "05"]
[TimeControl "180+2"]
[Date "2023.04.11"]
[WhiteClock "0:00:01"]
[BlackClock "0:00:07"]

1. d4 Nf6 2. Nf3 e6 3. c4 d5 4. g3 Bb4+ 5. Bd2 Be7 6. Bg2 Kf8 7. O-O c6 8. Qc2 Nbd7 9. Nc3 dxc4 10. e4 b5 11. e5 Nd5 12. Ne4 c5 13. a4 Ba6 14. dxc5 Nxc5 15. axb5 Bxb5 16. Nxc5 Bxc5 17. Ra5 Qb6 18. Ng5 c3 19. Rxb5 Qxb5 20. bxc3 Qc4 21. Nxh7+ Ke7 22. Ng5 Rab8 23. Rb1 Rxb1+ 24. Qxb1 Bb6 25. Bf1 Qc7 26. c4 Bxf2+ 27. Kxf2 Rxh2+ 28. Kg1 Rxd2 29. cxd5 Rxd5 30. Qb4+ Qc5+ 31. Qxc5+ Rxc5 0-1


[Site "https://www.chess.com"]

[Event "Titled Tuesday Blitz April 11 Early 2023"]
[White "Nugumanov, Bakhtiyar"]
[Black "Vargas, Mauricio"]
[WhiteFideId "13701797"]
[BlackFideId "4404572"]
[WhiteElo "2209"]
[BlackElo "1998"]
[Result "1-0"]
[Round "05"]
[TimeControl "180+2"]
[Date "2023.04.11"]
[WhiteClock "0:00:47"]
[BlackClock "0:00:16"]

1. Nf3 Nc6 2. d4 e6 3. g3 g6 4. Bg2 Bg7 5. O-O d6 6. e4 f5 7. d5 Nce7 8. dxe6 Bxe6 9. exf5 Bxf5 10. Nd4 Bc8 11. Re1 Nf6 12. Qe2 Kf7 13. Ne6 Bxe6 14. Qxe6+ Kf8 15. Bh6 Nfg8 16. Bxg7+ Kxg7 17. Nc3 c6 18. Rad1 d5 19. Ne4 Qc8 20. Qe5+ Kf7 21. Nd6+ Kf8 22. Nxc8 Rxc8 23. Qxh8 1-0


[Site "https://www.chess.com"]

[Event "Titled Tuesday Blitz April 11 Early 2023"]
[White "Duda, Jan-Krzysztof"]
[Black "Bluebaum, Matthias"]
[WhiteFideId "1170546"]
[BlackFideId "24651516"]
[WhiteElo "2790"]
[BlackElo "2638"]
[Result "0-1"]
[Round "06"]
[TimeControl "180+2"]
[Date "2023.04.11"]
[WhiteClock "0:01:03"]
[BlackClock "0:01:34"]

1. d4 d5 2. c4 e6 3. Nf3 Nf6 4. Nc3 Bb4 5. Qa4+ Nc6 6. e3 O-O 7. Qc2 Bxc3+ 8. bxc3 Re8 9. Bb2 Na5 10. cxd5 exd5 11. Nd2 c5 12. Be2 Qc7 13. Rc1 Bg4 14. Bxg4 Nxg4 15. h3 Rxe3+ 16. Kf1 Nxf2 17. Kxf2 Qg3+ 18. Kf1 Rae8 19. Qd1 R8e6 20. dxc5 Rf6+ 21. Kg1 Qf2+ 22. Kh2 Rxh3+ 23. Kxh3 Rh6+ 24. Kg4 Rg6+ 25. Kh5 Qf5+ 26. Kh4 Qg5+ 27. Kh3 Qg3# 0-1


[Site "https://www.chess.com"]

[Event "Titled Tuesday Blitz April 11 Early 2023"]
[White "Le, Tuan Minh"]
[Black "Sarana, Alexey"]
[WhiteFideId "12401153"]
[BlackFideId "24133795"]
[WhiteElo "2566"]
[BlackElo "2714"]
[Result "0-1"]
[Round "06"]
[TimeControl "180+2"]
[Date "2023.04.11"]
[WhiteClock "0:00:02"]
[BlackClock "0:00:11"]

1. d4 Nf6 2. Nf3 d5 3. Bf4 c5 4. c3 e6 5. e3 Bd6 6. Nbd2 O-O 7. Bd3 Nc6 8. Bg3 Qe7 9. Ne5 Nd7 10. f4 f6 11. Nxd7 Bxd7 12. O-O f5 13. Nf3 c4 14. Bc2 b5 15. a3 a5 16. Kh1 Qe8 17. Rg1 Qh5 18. Qd2 b4 19. Bd1 Qe8 20. Bh4 bxc3 21. bxc3 Rb8 22. a4 Ne7 23. Bc2 Ng6 24. Bf2 Rb2 25. Qc1 Rb6 26. Ne5 Nxe5 27. fxe5 Be7 28. Bg3 g5 29. Qd1 Qg6 30. Rb1 Rfb8 31. Rxb6 Rxb6 32. Qa1 Qh5 33. Bd1 Qe8 34. Qa2 h5 35. Be1 g4 36. Bg3 Qb8 37. Qf2 Rb2 38. Qe1 Qd8 39. Rf1 Bg5 40. Bf4 Qe7 41. h3 Kg7 42. Rf2 Rb1 43. Rf1 Bxa4 44. Qd2 Bxf4 45. exf4 Qh4 46. Kh2 Bxd1 47. Rxd1 Rxd1 48. Qxd1 Qf2 49. Qb1 Qxf4+ 50. Kh1 g3 51. Qb7+ Kg6 52. Qb1 a4 53. h4 Qxh4+ 0-1


[Site "https://www.chess.com"]

[Event "Titled Tuesday Blitz April 11 Early 2023"]
[White "Korobov, Anton"]
[Black "Bortnyk, Olexandr"]
[WhiteFideId "14105730"]
[BlackFideId "14120828"]
[WhiteElo "2638"]
[BlackElo "2734"]
[Result "1/2-1/2"]
[Round "06"]
[TimeControl "180+2"]
[Date "2023.04.11"]
[WhiteClock "0:00:11"]
[BlackClock "0:00:16"]

1. d4 Nf6 2. c4 b6 3. f3 Nc6 4. Nc3 Ba6 5. e3 e5 6. d5 Na5 7. b3 e4 8. Qc2 Bb4 9. Bd2 Qe7 10. Nge2 O-O 11. Ng3 Rfe8 12. Be2 c6 13. dxc6 Nxc6 14. O-O exf3 15. Bxf3 Rac8 16. Nd5 Nxd5 17. Bxd5 Bxd2 18. Qxd2 Nd8 19. Nf5 Qe5 20. Qd4 Rc7 21. Qxe5 Rxe5 22. Nd6 Re7 23. a4 Bb7 24. e4 a5 25. Rad1 Bc6 26. Rd3 Ne6 27. Rdf3 f6 1/2-1/2


[Site "https://www.chess.com"]

[Event "Titled Tuesday Blitz April 11 Early 2023"]
[White "Hakobyan, Aram"]
[Black "Zhigalko, Sergei"]
[WhiteFideId "13306677"]
[BlackFideId "13502956"]
[WhiteElo "2584"]
[BlackElo "2626"]
[Result "1-0"]
[Round "06"]
[TimeControl "180+2"]
[Date "2023.04.11"]
[WhiteClock "0:00:45"]
[BlackClock "0:00:02"]

1. d4 Nf6 2. c4 e6 3. Nc3 Bb4 4. e3 O-O 5. a3 Bxc3+ 6. bxc3 c5 7. Ne2 Nc6 8. Ng3 b6 9. e4 Ne8 10. d5 Na5 11. Bd3 Ba6 12. Qe2 Nd6 13. e5 Ndxc4 14. Nh5 Kh8 15. Qg4 Rg8 16. Bxh7 Kxh7 17. Nf6+ gxf6 18. Qh5+ Kg7 19. Qh6# 1-0


[Site "https://www.chess.com"]

[Event "Titled Tuesday Blitz April 11 Early 2023"]
[White "Nakamura, Hikaru"]
[Black "Rakhmatullaev, Almas"]
[WhiteFideId "2016192"]
[BlackFideId "14205793"]
[WhiteElo "2885"]
[BlackElo "2221"]
[Result "1-0"]
[Round "06"]
[TimeControl "180+2"]
[Date "2023.04.11"]
[WhiteClock "0:01:50"]
[BlackClock "0:00:20"]

1. Nf3 Nf6 2. e3 g6 3. b3 Bg7 4. d4 O-O 5. Bb2 d6 6. Be2 Nbd7 7. O-O b6 8. c4 Bb7 9. Qc2 Re8 10. Nc3 e5 11. dxe5 Nxe5 12. Nxe5 dxe5 13. Rfd1 Qc8 14. Rac1 a6 15. Nd5 Nd7 16. b4 a5 17. b5 Bf8 18. Rd2 Re6 19. Rcd1 Nc5 20. e4 Bxd5 21. Rxd5 Qe8 22. Bg4 Re7 23. Ba3 h5 24. Bxc5 bxc5 25. Bd7 Rxd7 26. Rxd7 Bd6 27. R7xd6 cxd6 28. Rxd6 Qe7 29. Qd2 Qh4 30. Qd5 Re8 31. Rxg6+ Kf8 32. Qd6+ Re7 33. Qd8+ 1-0


[Site "https://www.chess.com"]

[Event "Titled Tuesday Blitz April 11 Early 2023"]
[White "Eljanov, Pavel"]
[Black "Lazavik, Denis"]
[WhiteFideId "14102951"]
[BlackFideId "13515110"]
[WhiteElo "2598"]
[BlackElo "2560"]
[Result "0-1"]
[Round "06"]
[TimeControl "180+2"]
[Date "2023.04.11"]
[WhiteClock "0:00:01"]
[BlackClock "0:00:08"]

1. c4 Nf6 2. Nc3 e5 3. Nf3 Nc6 4. e4 Bb4 5. d3 d6 6. a3 Bc5 7. b4 Bb6 8. Be2 Nd4 9. Be3 Nxf3+ 10. Bxf3 O-O 11. O-O Be6 12. Qe2 c6 13. Rfd1 a5 14. c5 axb4 15. axb4 Rxa1 16. Rxa1 dxc5 17. bxc5 Bc7 18. Qb2 Bc8 19. Be2 Qe7 20. h3 Rd8 21. Na4 h6 22. Nb6 Be6 23. Ra7 Bb8 24. Ra8 Nh7 25. Ra4 Nf8 26. Nc4 Ng6 27. Rb4 Bc8 28. Bf1 Nf4 29. Rb3 Ne6 30. Rb6 Nxc5 31. Qa3 Bd6 32. Nxd6 Nxd3 33. Qxd3 Rxd6 34. Qa3 Qd8 35. Rb1 Rd1 36. Rxd1 Qxd1 37. Qd3 Qxd3 38. Bxd3 Be6 39. Bb6 f6 40. h4 g5 41. g3 Kg7 42. Be2 gxh4 43. gxh4 f5 44. exf5 Bxf5 45. Kg2 Kf6 46. Kg3 Ke6 47. Be3 b5 48. Bxh6 b4 49. Bd2 c5 50. h5 Bc2 51. h6 Kd5 52. Bd1 Bh7 53. Ba4 Kd4 54. Kg4 Kd3 55. Be3 c4 56. Bb5 b3 57. Bxc4+ Kxc4 58. Bc1 Kc3 59. f4 e4 60. f5 e3 61. f6 e2 62. f7 e1=Q 63. f8=Q Qg1+ 64. Kh5 Qh1+ 65. Kg5 Qxc1+ 66. Kh5 Qd1+ 67. Kg5 Qd5+ 68. Kf4 Qe4+ 69. Kg5 b2 70. Qg7+ Kb3 0-1


[Site "https://www.chess.com"]